 Dungeon Crawl Stone Soup version 0.23-a0-650-ga4d50d4 (webtiles) character file.

2852 ubloh the Covert (level 9, -3/42 HPs)
             Began as a Spriggan Enchanter on Jan 5, 2019.
             Was an Initiate of Dithmenos.
             Slain by Harold
             ... wielding a +2 battleaxe of flaming
              (16 damage)
             ... on level 7 of the Dungeon on Jan 6, 2019.
             The game lasted 00:41:34 (8510 turns).

ubloh the Covert (Spriggan Enchanter)               Turns: 8510, Time: 00:41:35

Health: -3/42      AC:  5    Str:  8    XL:     9   Next: 46%
Magic:  14/17      EV: 21    Int: 24    God:    Dithmenos [......]
Gold:   104        SH:  7    Dex: 16    Spells: 9/18 levels left

rFire    . . .     SeeInvis +   a - +1 dagger
rCold    . . .     Gourm    .   f - +0 buckler
rNeg     . . .     Faith    .   b - +0 robe
rPois    .         Spirit   .   (helmet restricted)
rElec    .         Reflect  .   u - +2 cloak
rCorr    .         Harm     .   (gloves unavailable)
MR       +....                  (boots unavailable)
Stlth    +++++.....             i - amulet of magic regeneration
HPRegen  0.14/turn              t - +4 ring of strength
MPRegen  0.40/turn              v - +4 ring of intelligence

@: very quick
A: very small, unfitting armour, see invisible, herbivore, speed 3, slow
metabolism 2
a: Renounce Religion


You were on level 7 of the Dungeon.
You worshipped Dithmenos.
Dithmenos was noncommittal.
You were hungry.

You visited 2 branches of the dungeon, and saw 8 of its levels.
You also visited: Ossuary.

You collected 510 gold pieces.
You spent 406 gold pieces at shops.

Inventory:

Hand Weapons
 a - a +1 dagger (weapon)
 x - a +0 rapier
Armour
 b - a +0 robe (worn)
 f - a +0 buckler (worn)
 u - a +2 cloak (worn)
Jewellery
 i - an amulet of magic regeneration (around neck)
 t - a +4 ring of strength (left hand)
 v - a +4 ring of intelligence (right hand)
Wands
 n - a wand of paralysis (11)
 s - a wand of flame (51)
 C - a wand of clouds (6)
 E - a wand of iceblast (10)
Scrolls
 e - 4 scrolls of teleportation
 g - a scroll of noise {unknown}
 h - a scroll of magic mapping {unknown}
 j - 3 scrolls of amnesia
 o - 2 scrolls of immolation
 w - 5 scrolls of fog
 y - 2 scrolls of remove curse
 B - a scroll of silence {unknown}
Potions
 c - 4 potions of lignification
 k - 5 potions of curing
 l - 5 potions of resistance
 m - 2 potions of brilliance
 p - a potion of magic {unknown}
 q - 3 potions of agility
 r - a potion of invisibility
 z - a potion of heal wounds {unknown}
 A - a potion of ambrosia {unknown}
 F - a potion of degeneration {unknown}
Comestibles
 d - 13 rations


   Skills:
 - Level 2.0 Fighting
 - Level 3.0 Short Blades
 - Level 6.0 Dodging
 * Level 11.1 Stealth
 * Level 4.7 Shields
 - Level 5.0 Spellcasting
 * Level 8.8 Hexes


You had 9 spell levels left.
You knew the following spells:

 Your Spells              Type           Power        Failure   Level  Hunger
a - Ensorcelled Hibernat  Hex/Ice        ####..       2%          2    None
b - Confuse               Hex            #####...     1%          3    ##.....
c - Dazzling Spray        Conj/Hex       ####..       5%          3    ##.....
e - Corona                Hex            #####..      1%          1    None

Your spell library contained the following spells:

 Spells                   Type           Power        Failure   Level  Hunger
 Confusing Touch          Hex            #####.       1%          1    None
 Slow                     Hex            #####...     1%          2    None
 Tukima's Dance           Hex            #####...     1%          3    ##.....
 Animate Skeleton         Necr           N/A          11%         1    None
 Apportation              Tloc           #.....       11%         1    None
 Magic Dart               Conj           #...         11%         1    None
 Summon Small Mammal      Summ           #...         11%         1    None
 Blink                    Tloc           N/A          16%         2    None
 Call Imp                 Summ           #.......     16%         2    None
 Conjure Flame            Conj/Fire      #.......     30%         3    ##.....
 Mephitic Cloud           Conj/Pois/Air  #.......     30%         3    ##.....


Dungeon Overview and Level Annotations

Branches:
Dungeon (7/15)             Temple (1/1) D:6

Altars:
Ashenzari
Cheibriados
Dithmenos
Elyvilon
Fedhas
Gozag
Hepliaklqana
Kikubaaqudgha
Makhleb
Nemelex Xobeh
Okawaru
Qazlal
Ru
Sif Muna
Trog
Uskayaw
Vehumet
Wu Jian
Xom
Yredelemnul
Zin
The Shining One

Shops:
D:4 *   D:5 *

Annotations:
D:7 Harold


Innate Abilities, Weirdness & Mutations

You are very small and have problems with some larger weapons.
You are too small for most types of armour.
You have supernaturally acute eyesight. (SInv)
You are a herbivore.
You cover ground extremely quickly.
You need to consume almost no food.


Message History

You hit Harold but do no damage.
Harold is almost dead.
Harold laughs at nothing.
You hit Harold but do no damage.
Harold is almost dead.
Harold hits you with a +2 battleaxe of flaming!
Harold burns you.
You hit Harold.
Harold is almost dead.
Harold barely misses you.
You completely miss Harold.
Harold is almost dead.
You hit Harold but do no damage.
Harold is almost dead.
You hit Harold but do no damage.
Harold is almost dead.
You hit Harold but do no damage.
Harold is almost dead.
Harold hits you with a +2 battleaxe of flaming!
You die...

≈(........#.###.##.##.#.####.####
≈≈..<[..*,#.....##.##...##.....##
≈.......*,#....###.####.#.......#
≈...###(*,#.##.#......#.#.......#
....# *,*,#...........#....._....
....# *,#.#..#..........#.......#
...## *,#.#############.#.......#
≈≈,* *,#...............##.(...##
,,,* #,#.......@.......####.####
,,.***#.#.#####..@...............
,,..,*#.#.# #<#########.##.####
,,.#.##.#[#####.#########........
,,..............##...........####
,,........########.####.####.####
,,.................##.....##.....
##########.(.[.....#.......#..###
.........'.........#...[...#..#


You could see Harold (confused).

Vanquished Creatures
  Pikel (D:5)
  Joseph (D:7)
  Grinder (D:3)
  Sigmund (D:2)
  A spriggan (D:7)
  Duvessa (D:7)
  An ice beast (D:6)
  An orc warrior (D:7)
  A slave (D:5)
  A sky beast (D:7)
  An ogre (D:4)
  2 centaurs
  A crocodile (D:7)
  4 bullfrogs
  Dowan (D:7)
  A scorpion (D:6)
  A howler monkey (D:5)
  A crimson imp (D:6)
  An orc priest (D:6)
  2 bullfrog skeletons
  An orc wizard (D:6)
  Jessica (D:3)
  5 worker ants
  Terence (D:2)
  2 big kobold zombies (Ossuary)
  2 mummies (Ossuary)
  4 adders
  A shadow imp (D:6)
  An adder skeleton (D:4)
  3 worms
  4 dart slugs
  4 leopard geckos
  17 orcs
  10 bats
  6 giant cockroaches
  7 goblins
  3 hobgoblins
  3 jackals
  4 quokkas
  5 frilled lizards
  2 gnoll zombies (Ossuary)
  3 goblin zombies (Ossuary)
  5 hobgoblin zombies (Ossuary)
  7 kobolds
  2 orc zombies (Ossuary)
  7 rats
135 creatures vanquished.

Vanquished Creatures (others)
  A phantom (D:7)
  2 jackals (D:7)
3 creatures vanquished.

Grand Total: 138 creatures vanquished

Notes
Turn   | Place    | Note
-------+----------+-------------------------------------------
     0 | D:1      | ubloh the Spriggan Enchanter began the quest for the Orb.
     0 | D:1      | Reached XP level 1. HP: 9/9 MP: 5/5
   195 | D:1      | Reached XP level 2. HP: 12/13 MP: 3/6
   199 | D:1      | Learned a level 2 spell: Ensorcelled Hibernation
   453 | D:1      | Reached skill level 5 in Stealth
   937 | D:2      | Reached XP level 3. HP: 17/17 MP: 8/8
   942 | D:2      | Learned a level 3 spell: Confuse
  1215 | D:2      | Noticed Terence
  1218 | D:2      | Killed Terence
  1276 | D:2      | Reached XP level 4. HP: 19/21 MP: 9/9
  1412 | D:2      | Found Zin's Purification Station.
  1415 | D:2      | Found a glowing silver altar of Zin.
  1511 | D:2      | Found a snail-covered altar of Cheibriados.
  1529 | D:2      | Noticed Sigmund
  1553 | D:2      | Killed Sigmund
  1553 | D:2      | Reached skill level 1 in Fighting
  1553 | D:2      | Reached skill level 6 in Stealth
  1553 | D:2      | Reached skill level 1 in Shields
  1553 | D:2      | Reached XP level 5. HP: 11/25 MP: 4/11
  1823 | D:2      | Learned a level 3 spell: Dazzling Spray
  1963 | D:3      | Noticed Grinder
  2235 | D:3      | Killed Grinder
  2235 | D:3      | Reached skill level 5 in Hexes
  2235 | D:3      | Reached XP level 6. HP: 30/30 MP: 9/13
  2661 | D:3      | Noticed Jessica
  2670 | D:3      | Killed Jessica
  2773 | D:3      | Found a glowing golden altar of the Shining One.
  2940 | D:4      | Reached XP level 7. HP: 33/33 MP: 10/14
  3106 | D:4      | Reached skill level 7 in Stealth
  3190 | D:4      | Found Dotaepid's Assorted Antiques.
  3214 | D:4      | Bought a scroll labeled VEVALO LIYQI for 28 gold pieces
  3214 | D:4      | Bought a wand of flame (21) for 28 gold pieces
  3214 | D:4      | Bought a scroll labeled VIURUFILIM for 28 gold pieces
  3302 | D:2      | Bought a potion of curing for 90 gold pieces
  3416 | D:4      | Found an opulent altar of Gozag.
  3656 | D:4      | Found a deep blue altar of Sif Muna.
  3731 | D:5      | Entered Level 5 of the Dungeon
  3731 | D:5      | Found a sand-covered staircase.
  3746 | Ossuary  | Entered an ossuary
  4201 | D:5      | Reached skill level 5 in Spellcasting
  4537 | D:5      | Found Xuwyseko's Assorted Antiques.
  4545 | D:5      | Bought a tubular diamond ring for 145 gold pieces
  4545 | D:5      | Bought a scroll of remove curse for 87 gold pieces
  4563 | D:5      | Noticed Pikel
  4720 | D:5      | Killed Pikel
  4720 | D:5      | Reached skill level 5 in Dodging
  4720 | D:5      | Reached skill level 8 in Stealth
  4720 | D:5      | Reached XP level 8. HP: 39/39 MP: 13/16
  5131 | D:6      | Reached skill level 9 in Stealth
  5253 | D:6      | Found a staircase to the Ecumenical Temple.
  5258 | Temple   | Entered the Ecumenical Temple
  5504 | Temple   | Became a worshipper of Dithmenos the Shadowed
  6113 | D:7      | Found a stormy altar of Qazlal.
  6119 | D:7      | Noticed Dowan
  6121 | D:7      | Noticed Duvessa
  6162 | D:7      | Noticed Joseph
  6340 | D:7      | Killed Duvessa
  6340 | D:7      | Reached skill level 10 in Stealth
  6340 | D:7      | Reached XP level 9. HP: 35/42 MP: 5/17
  6483 | D:7      | Killed Dowan
  6801 | D:7      | Found a blossoming altar of Fedhas.
  6876 | D:7      | Noticed Harold
  6891 | D:7      | HP: 1/42 [Harold/+2 battleaxe of flaming (8)]
  7422 | D:7      | Found a radiant altar of Vehumet.
  7471 | D:7      | Killed Joseph
  7471 | D:7      | Reached skill level 11 in Stealth
  7863 | D:7      | Found a radiant altar of Vehumet.
  7970 | D:7      | Found a blossoming altar of Fedhas.
  7981 | D:7      | Found a stormy altar of Qazlal.
  8510 | D:7      | Slain by Harold

Vault maps used:
D:1:      giann_wishing_wells
D:2:      old_standard_altar, zin_purify, first_ration, minmay_hexomino_p4,
          uniq_terence, uniq_sigmund
D:3:      nicolae_tso_swordbearing_angel, uniq_jessica, uniq_grinder
D:4:      kennysheep_mini_moat, lemuel_blue_sif_altar, minmay_hedge_maze,
          kennysheep_windowed_goal
D:5:      serial_shops, nicolae_shop_stone, enter_ossuary_3, uniq_pikel
D:6:      temple_doors_ab
D:7:      old_standard_altar, old_standard_altar, vehumet_altar_wand_db,
          the_bakery, lemuel_old_faithful, uniq_joseph, uniq_harold,
          uniq_duvessa
Temple:   minmay_temple_curvy_branch
Ossuary:  minmay_ossuary_gauntlet

Skill      XL: |  1  2  3  4  5  6  7  8  9 |
---------------+----------------------------+-----
Stealth        | 5 6 8 10 11 | 11.1
Hexes          | 4 5 6 7 8 |  8.8
Spellcasting   | 3 4 5 |  5.0
Fighting       | 1 2 |  2.0
Short Blades   | 2 3 |  3.0
Shields        | 1 3 4 |  4.7
Dodging        | 4 5 6 |  6.0

Action                   |  1- 3 |  4- 6 |  7- 9 || total
-------------------------+-------+-------+-------++-------
Melee: Dagger            |    98 |    95 |   278 ||   471
 Cast: Corona            |     1 |       |       ||     1
       Ensorcelled Hiber |    22 |    27 |    43 ||    92
       Confuse           |       |     7 |    20 ||    27
  Use: Scroll            |       |     5 |     8 ||    13
 Stab: Sleeping          |    17 |    27 |    44 ||    88
       Confused          |       |     5 |    14 ||    19
  Eat: Ration            |       |     1 |     3 ||     4
Armor: Robe              |    12 |     4 |    22 ||    38
Dodge: Dodged            |   108 |    56 |   172 ||   336
Block: Buckler           |       |    12 |    67 ||    79

Table legend:
 A = Non-vault XP
 B = Vault XP
 C = Vault XP percentage of total XP
 D = Non-vault monster count
 E = Vault monster count
 F = Vault count percentage of total count
                 A         B        C        D         E       F
            +---------+---------+-------+---------+---------+-------
      Total |    1864 |    2211 |  54.3 |     105 |      30 |  22.2
            +---------+---------+-------+---------+---------+-------
        D:1 |      40 |       0 |   0.0 |      21 |       0 |   0.0
        D:2 |      39 |     258 |  86.9 |      16 |       4 |  20.0
        D:3 |      64 |     309 |  82.8 |      21 |       2 |   8.7
        D:4 |     161 |      37 |  18.7 |       5 |       2 |  28.6
        D:5 |     222 |     641 |  74.3 |       7 |       1 |  12.5
        D:6 |     659 |       0 |   0.0 |      20 |       0 |   0.0
        D:7 |     679 |     868 |  56.1 |      15 |       5 |  25.0
    Ossuary |       0 |      98 | 100.0 |       0 |      16 | 100.0
            +---------+---------+-------+---------+---------+-------
